 Dungeon Crawl Stone Soup version 0.30-a0-51-g784eafce7f (webtiles) character file.

Game seed: 6179740879868785081

346 LnG the Chopper (level 6, -4/53 HPs)
             Began as a Hill Orc Fighter on Sept 5, 2022.
             Slain by Duvessa
             ... wielding a +0 rapier
              (11 damage)
             ... on level 5 of the Dungeon.
             The game lasted 00:08:57 (3996 turns).

LnG the Chopper (Hill Orc Fighter)                  Turns: 3996, Time: 00:08:58

Health: -4/53      AC:  7    Str: 21    XL:     6   Next: 59%
Magic:  6/6        EV:  9    Int:  8    God:
Gold:   102        SH:  4    Dex: 10    Spells: 5/5 levels left

rFire   . . .      SeeInvis .    a - +2 war axe
rCold   . . .      Faith    .    c - +0 buckler
rNeg    . . .      Spirit   .    b - +0 scale mail
rPois   .          Reflect  .    (no helmet)
rElec   .          Harm     .    (no cloak)
rCorr   .          Rampage  .    (no gloves)
Will    .....                    (no boots)
Stlth   ..........               (no amulet)
HPRegen 0.17/turn                (no ring)
MPRegen 0.10/turn                (no ring)

@: mighty
A: no striking features
a: no special abilities


You were on level 5 of the Dungeon.
You visited 1 branch of the dungeon, and saw 5 of its levels.

You collected 102 gold pieces.

Inventory:

Hand Weapons
 a - a +2 war axe (weapon)
Armour
 b - a +0 scale mail (worn)
 c - a +0 buckler (worn)
Jewellery
 f - a ring of fire
Wands
 p - a wand of digging (6)
Scrolls
 g - 2 scrolls of magic mapping
 k - a scroll of teleportation
 m - a scroll of blinking {unknown}
 n - a scroll of immolation {unknown}
 q - a scroll of summoning {unknown}
Potions
 e - 3 potions of berserk rage
 h - a potion of flight {unknown}
 i - 2 potions of lignification {unknown}
 j - a potion of haste {unknown}
 l - a potion of mutation {unknown}
 o - a potion of brilliance {unknown}


   Skills:
 + Level 4.7 Fighting
 + Level 6.5 Axes
 + Level 4.6 Armour
 + Level 0.6 Dodging
 + Level 0.1 Stealth
 + Level 3.8 Shields


You had 5 spell levels left.
You didn't know any spells.
Your spell library contained the following spells:

 Spells                   Type           Power      Damage    Failure   Level
 Ozocubu's Armour         Ice            0%         N/A       99%         3
 Metabolic Englaciation   Hex/Ice        0%         N/A       100%        5
 Simulacrum               Ice/Necr       0%         N/A       100%        6


Dungeon Overview and Level Annotations

Branches:
Dungeon (5/15)
 Temple: D:4-7

Altars:
Qazlal
Sif Muna
The Shining One

Shops:
D:2 (

Annotations:
D:5 Duvessa


Message History

You block Dowan's attack.
You slash Dowan!
Dowan is heavily wounded.
Dowan closely misses you.
You closely miss Dowan.
Dowan is heavily wounded.
Dowan gestures at you while chanting. The puff of flame misses you.
You slash Dowan!
Dowan is severely wounded.
Dowan barely misses you.
You slice Dowan!!
You kill Dowan!
Duvessa weeps, and shakes her weapon.
Duvessa goes berserk!
Duvessa barely misses you.
You hear an angry hiss.
You hit Duvessa.
Duvessa is lightly wounded.
Duvessa closely misses you. Duvessa barely misses you.
You barely miss Duvessa.
Duvessa is lightly wounded.
Duvessa hits you with a +0 rapier! Duvessa hits you with a +0 rapier.
You slash Duvessa!
Duvessa is moderately wounded.
You block Duvessa's attack.
You hit Duvessa.
Duvessa is heavily wounded.
Duvessa hits you with a +0 rapier! You block Duvessa's attack.
You completely miss Duvessa.
Duvessa is heavily wounded.
Duvessa hits you with a +0 rapier. Duvessa hits you with a +0 rapier!
* * * LOW HITPOINT WARNING * * *
You slash Duvessa!
Duvessa is severely wounded.
You block Duvessa's attack. Duvessa hits you with a +0 rapier.
* * * LOW HITPOINT WARNING * * *
You closely miss Duvessa.
Duvessa is severely wounded.
Duvessa hits you with a +0 rapier!
You die...

# #. #.. #...
#.... #
#.....###.#.#
#.....e@....#
###+#########


You could see Duvessa (berserk).

Vanquished Creatures
  A scorpion (D:4)
  Dowan (D:5)
  2 hounds (D:4)
  An orc priest (D:2)
  3 gnolls (D:3)
  3 adders
  An ufetubus (D:4)
  2 dart slugs (D:1)
  15 orcs
  4 ball pythons
  7 bats
  2 endoplasms
  A giant cockroach (D:2)
  8 goblins
  7 hobgoblins
  2 jackals (D:2)
  5 kobolds
  3 quokkas
  2 frilled lizards
  3 rats
73 creatures vanquished.

Vanquished Creatures (others)
  A jelly (D:4)
  2 ball pythons (D:4)
  A quokka (D:4)
4 creatures vanquished.

Grand Total: 77 creatures vanquished

Notes
Turn   | Place    | Note
-------+----------+-------------------------------------------
     0 | D:1      | LnG the Hill Orc Fighter began the quest for the Orb.
     0 | D:1      | Reached XP level 1. HP: 19/19 MP: 1/1
   168 | D:1      | Reached XP level 2. HP: 27/27 MP: 2/2
   169 | D:1      | Reached skill level 3 in Axes
  1091 | D:2      | Reached XP level 3. HP: 33/33 MP: 3/3
  1299 | D:2      | Found Rezad's Antique Weapon Boutique.
  1313 | D:2      | Found a shimmering blue altar of Sif Muna.
  1604 | D:3      | Reached skill level 4 in Axes
  1611 | D:3      | Found a stormy altar of Qazlal.
  1638 | D:3      | Reached XP level 4. HP: 32/41 MP: 4/4
  1903 | D:3      | Identified the +4 leather armour of Zivom {Int+2}
  2615 | D:2      | Reached XP level 5. HP: 45/47 MP: 5/5
  2793 | D:3      | Found a glowing golden altar of the Shining One.
  2799 | D:3      | Reached skill level 5 in Axes
  3157 | D:4      | Reached skill level 6 in Axes
  3157 | D:4      | Reached XP level 6. HP: 13/53 MP: 6/6
  3444 | D:4      | Noticed a steam dragon
  3984 | D:5      | Entered Level 5 of the Dungeon
  3984 | D:5      | Noticed Duvessa
  3984 | D:5      | Noticed Dowan
  3989 | D:5      | Killed Dowan
  3996 | D:5      | Slain by Duvessa

Illustrated notes

Levels and vault maps discovered:
D:1:      mrwooster_arrival_statue_3, layout_loops_corners, serial_bayou_pond_b
D:2:      layout_rooms, serial_shops,
          nicolae_shop_temple_entry_statues_fountains, basic_altar,
          minmay_box_of_dots
D:3:      layout_loops_ring, nicolae_qazlal_general_emergency,
          mainiacjoe_overflow_chevrons, minmay_statues_item
D:4:      layout_rooms, mainiacjoe_overflow_tiny_flanked, serial_glass,
          glass_columns_b, glass_columns_b, glass_columns_c, glass_columns_c,
          glass_columns_b, glass_columns_a, glass_columns_a, glass_columns_c,
          serial_shops, nicolae_shop_behind_doors
D:5:      layout_basic, nicolae_wu_jian_immortal_techniques, serial_shops,
          nicolae_shop_behind_doors, minmay_strange_pillars, uniq_blork_the_orc,
          uniq_duvessa, uniq_eustachio

Skill      XL: |  1  2  3  4  5 |
---------------+----------------+-----
Axes           | 3 4 6 |  6.5
Fighting       | 4 |  4.7
Armour         | 4 |  4.6
Dodging        | |  0.6
Stealth        | |  0.1
Shields        | |  3.8

Action                   |  1- 3 |  4- 6 || total
-------------------------+-------+-------++-------
Melee: War axe           |   101 |    88 ||   189
  Use: Scroll            |       |     6 ||     6
       Potion            |       |     1 ||     1
Armor: Scale mail        |    54 |    37 ||    91
Dodge: Dodged            |    50 |    57 ||   107
Block: Buckler           |    23 |    25 ||    48

Table legend: (Time is in decaauts)
 A = Elapsed time spent in this place.
 B = Non-inter-level travel time spent in this place.
 C = Inter-level travel time spent in this place.
 D = Time resting spent in this place.
 E = Time spent auto-exploring this place.
 F = Levels seen in this place.
 G = Mean time per level.
                   A        B        C        D        E       F      G
               +--------+--------+--------+--------+--------+-----+--------+
         Total |   4070 |   3797 |    273 |   1311 |   1834 |   5 |  814.0 |
       Dungeon |   4070 |   3797 |    273 |   1311 |   1834 |   5 |  814.0 |
               +--------+--------+--------+--------+--------+-----+--------+

Top non-repeatable levels by time:
     D:3: 1572 daAuts
     D:1: 1107 daAuts
     D:2: 990 daAuts
     D:4: 386 daAuts
     D:5: 13 daAuts
